 Dungeon Crawl Stone Soup version 0.23.2-1-ga50397a6bc (webtiles) character file.

Game seed: 64594653633280577

1384 Marnok the Shield-Bearer (level 8, -1/66 HPs)
             Began as a Demigod Fighter on Apr 25, 2019.
             Slain by a hound (2 damage)
             ... while paralysed by Grinder
             ... on level 5 of the Dungeon.
             The game lasted 00:16:13 (4867 turns).

Marnok the Shield-Bearer (Demigod Fighter)          Turns: 4867, Time: 00:16:13

Health: -1/66      AC: 10    Str: 19    XL:     8   Next: 17%
Magic:  10/10      EV:  2    Int: 12    God:
Gold:   210        SH:  0    Dex: 19    Spells: 7/7 levels left

rFire    . . .     SeeInvis .   l - +1 flail (holy)
rCold    + . .     Gourm    .   c - +0 shield
rNeg     . . .     Faith    .   b - +0 scale mail
rPois    .         Spirit   .   (helmet restricted)
rElec    .         Reflect  .   (no cloak)
rCorr    .         Harm     .   g - +0 pair of gloves
MR       .....                  (no boots)
Stlth    ..........             (no amulet)
HPRegen  0.21/turn              r - ring of protection from cold
MPRegen  0.12/turn              (no ring)

@: paralysed
A: horns 1, yellow scales 1, high mp 1, wild magic 1
a: no special abilities


You were on level 5 of the Dungeon.
You were hungry.

You visited 1 branch of the dungeon, and saw 6 of its levels.
You also visited: Ossuary.

You collected 210 gold pieces.

Inventory:

Hand Weapons
 a - a +1 trident
 k - a +0 hand axe of venom
 l - a +1 flail of holy wrath (weapon)
 n - a +4 quarterstaff of chaos
Missiles
 o - 3 steel tomahawks (quivered)
Armour
 b - a +0 scale mail (worn)
 c - a +0 shield (worn)
 g - a +0 pair of gloves (worn)
Jewellery
 r - a ring of protection from cold (left hand)
Wands
 m - a wand of iceblast (10)
 t - a wand of polymorph (11)
Scrolls
 d - 3 scrolls of identify
 q - a scroll of immolation {unknown}
 s - a scroll of remove curse
 u - a scroll of amnesia
Potions
 e - 3 potions of heal wounds
 h - 3 potions of lignification
 i - 2 potions of resistance
 j - 3 potions of might
 p - 3 potions of curing
Comestibles
 f - 8 rations


   Skills:
 + Level 4.2 Fighting
 + Level 4.0 Maces & Flails
 + Level 4.4 Polearms
 + Level 0.1 Throwing
 + Level 4.6 Armour
 + Level 2.4 Dodging
 + Level 0.2 Stealth
 + Level 5.2 Shields


You had 7 spell levels left.
You didn't know any spells.
Your spell library was empty.

Dungeon Overview and Level Annotations

Branches:
Dungeon (6/15)             Temple (0/1) D:5

Annotations:
D:5 Grinder


Innate Abilities, Weirdness & Mutations

You have an increased reservoir of magic. (+10% MP)
You have a pair of small horns on your head.
You are partially covered in yellow scales. (AC +2)
Your spells are a little harder to cast, but a little more powerful.


Message History

Grinder gestures at you.
You suddenly lose the ability to move!
The orc priest invokes the aid of Beogh against you.
Pain shoots through your body! The hound bites you but does no damage.
Grinder hits you.
You writhe in agony.
The hound bites you but does no damage.
The orc priest hits you but does no damage.
Grinder hits you! The hound bites you.
The orc priest mumbles some strange prayers to Beogh against you.
Beogh smites you!
* * * LOW HITPOINT WARNING * * *
The hound bites you but does no damage. Grinder hits you.
* * * LOW HITPOINT WARNING * * *
You writhe in agony.
* * * LOW HITPOINT WARNING * * *
The hound barely misses you.
The orc priest hits you with a +0 hand axe.
* * * LOW HITPOINT WARNING * * *
Grinder hits you but does no damage. The hound bites you.
You die...

########### #.........#
##.#######.#####
##......5@h.....#
#.>.......o.###.###
#.....#...........########
#.#.#.#.##..###.#.........
#.#.....##..#.............
#.#.....##..#.#.#.#....##.
#.#.........#.#.#.#.##..).
#.#.....##.##...........#.
#.#.....##.##.#.##.#.##.#.


You could see Grinder, a hound and an orc priest.

Vanquished Creatures
  A sky beast (D:5)
  An ice beast (D:6)
  A phantom (D:4)
  An ogre (D:5)
  2 elf zombies (Ossuary)
  2 scorpions
  A howler monkey (D:5)
  2 centaur zombies
  2 human zombies (Ossuary)
  2 hounds (D:4)
  Crazy Yiuf (D:2)
  3 orc priests
  Natasha (D:2)
  An iguana (D:4)
  4 orc wizards
  A worker ant (D:5)
  A killer bee zombie (D:5)
  A big kobold zombie (Ossuary)
  2 mummies (Ossuary)
  7 adders
  3 gnolls (D:4)
  2 adder zombies
  2 worms
  3 dart slugs (D:2)
  3 leopard geckos
  20 orcs
  2 ball pythons
  3 giant cockroaches
  7 goblins
  5 hobgoblins
  9 jackals
  5 kobolds
  A quokka (D:3)
  4 bats
  9 frilled lizards
  3 goblin zombies (Ossuary)
  8 hobgoblin zombies (Ossuary)
  A jackal skeleton (D:4)
  2 jackal zombies (Ossuary)
  8 kobold zombies (Ossuary)
  9 orc zombies (Ossuary)
  A quokka skeleton (D:5)
  9 rats
156 creatures vanquished.

Notes
Turn   | Place    | Note
-------+----------+-------------------------------------------
     0 | D:1      | Marnok the Demigod Fighter began the quest for the Orb.
     0 | D:1      | Reached XP level 1. HP: 18/18 MP: 3/3
   377 | D:1      | Reached XP level 2. HP: 25/25 MP: 4/4
  1026 | D:2      | Reached XP level 3. HP: 31/31 MP: 5/5
  1189 | D:2      | Reached skill level 3 in Shields
  1190 | D:2      | Found a shadowy altar of Dithmenos.
  1338 | D:2      | Noticed Natasha
  1350 | D:2      | Killed Natasha
  1350 | D:2      | Reached XP level 4. HP: 18/38 MP: 6/6
  1594 | D:2      | Found a runed translucent door.
  1595 | D:2      | Noticed Crazy Yiuf
  1604 | D:2      | Killed Crazy Yiuf
  1604 | D:2      | Reached skill level 1 in Dodging
  1803 | D:3      | Found a burning altar of Makhleb.
  1806 | D:3      | Found a hazy altar of Hepliaklqana.
  1819 | D:3      | Found a glowing silver altar of Zin.
  1887 | D:3      | Reached XP level 5. HP: 41/45 MP: 7/7
  2680 | D:4      | Found a sand-covered staircase.
  2687 | Ossuary  | Entered an ossuary
  2997 | Ossuary  | Reached XP level 6. HP: 48/51 MP: 8/8
  3220 | Ossuary  | Reached skill level 1 in Maces & Flails
  3347 | D:4      | Reached skill level 4 in Shields
  3484 | D:4      | Reached XP level 7. HP: 58/58 MP: 9/9
  3751 | D:4      | Gained mutation: Your system is resistant to poisons.
                  | (rPois) [potion of mutation]
  3751 | D:4      | Gained mutation: You are partially covered in yellow
                  | scales. (AC +2) [potion of mutation]
  3751 | D:4      | Gained mutation: You have sharp fingernails. [potion of
                  | mutation]
  3751 | D:4      | Gained mutation: You have a pair of small horns on your
                  | head. [potion of mutation]
  3752 | D:4      | Lost mutation: Your system is resistant to poisons. (rPois)
                  | [potion of mutation]
  3752 | D:4      | Lost mutation: You have sharp fingernails. [potion of
                  | mutation]
  3752 | D:4      | Gained mutation: Your spells are a little harder to cast,
                  | but a little more powerful. [potion of mutation]
  4114 | D:5      | Entered Level 5 of the Dungeon
  4132 | D:5      | Found a staircase to the Ecumenical Temple.
  4425 | D:5      | Reached skill level 5 in Shields
  4482 | D:5      | Reached XP level 8. HP: 60/66 MP: 10/10
  4850 | D:6      | Noticed Grinder
  4864 | D:5      | Paralysed by Grinder for 6 turns
  4866 | D:5      | HP: 2/66 [Grinder (3)]
  4867 | D:5      | Slain by a hound

Skill      XL: |  1  2  3  4  5  6  7  8 |
---------------+-------------------------+-----
Armour         | 3 4 |  4.6
Fighting       | 3 4 |  4.2
Polearms       | 2 3 4 |  4.4
Shields        | 3 4 5 |  5.2
Dodging        | 1 2 |  2.4
Maces & Flails | 1 3 4 |  4.0
Throwing       | |  0.1
Stealth        | |  0.2

Action                   |  1- 3 |  4- 6 |  7- 9 || total
-------------------------+-------+-------+-------++-------
Melee: Trident           |   133 |   288 |       ||   421
       Flail             |       |    70 |   137 ||   207
       Headbutt          |       |       |    30 ||    30
Throw: Tomahawk          |       |       |     3 ||     3
  Use: Potion            |     2 |     1 |     5 ||     8
       Scroll            |       |     5 |     6 ||    11
 Stab: Invisible         |       |     1 |       ||     1
  Eat: Chunk             |     2 |     4 |     4 ||    10
       Ration            |       |     1 |       ||     1
Armor: Scale mail        |    52 |   130 |    65 ||   247
Dodge: Dodged            |    41 |    95 |    57 ||   193
Block: Shield            |    58 |   181 |    82 ||   321
